 Dungeon Crawl Stone Soup version 0.28-a0-1560-g060a6a1bfc (webtiles) character file.

Game seed: 15128685580610538882

127 BritishOli the Ducker (level 4, 34/34 HPs)
             Began as a Demonspawn Gladiator on Jan 19, 2022.
             Got out of the dungeon alive.
             The game lasted 00:03:05 (2174 turns).

BritishOli the Ducker (Demonspawn Gladiator)        Turns: 2174, Time: 00:03:06

Health: 34/34      AC:  7    Str: 24    XL:     4   Next: 85%
Magic:  4/4        EV: 11    Int:  9    God:
Gold:   237        SH:  4    Dex: 14    Spells: 3/3 levels left

rFire   . . .      SeeInvis .   h - +6 hand axe of World Downfall {elec, Will++ Str+7}
rCold   . . .      Faith    .   (no shield)
rNeg    . . .      Spirit   .   g - +0 scale mail
rPois   .          Reflect  .   c - +0 helmet
rElec   .          Harm     .   (no cloak)
rCorr   .          Rampage  .   (no gloves)
Will    ++...                   (no boots)
Stlth   ..........              (no amulet)
HPRegen 0.11/turn               (no ring)
MPRegen 0.18/turn               (no ring)

@: no status effects
A: large bone plates 1, spiny 1, magic regeneration
a: no special abilities


You escaped.
You visited 1 branch of the dungeon, and saw 3 of its levels.

You collected 237 gold pieces.

Inventory:

Hand Weapons
 a - a +0 long sword
 h - the +6 hand axe of World Downfall (weapon) {elec, Will++ Str+7}
   (You found it on level 2 of the Dungeon)

   It occasionally discharges a powerful burst of electricity upon striking a
   foe.
   Str:       It affects your strength (+7).
   Will:      It greatly increases your willpower.
Missiles
 d - 3 throwing nets (quivered)
 i - 3 silver javelins
Armour
 b - a +0 leather armour
 c - a +0 helmet (worn)
 g - a +0 scale mail (worn)
Jewellery
 j - an amulet of regeneration
Scrolls
 e - a scroll of teleportation {unknown}
 f - a scroll of enchant armour {unknown}
 l - a scroll of identify {unknown}
 n - a scroll of blinking {unknown}
Potions
 k - a potion of flight {unknown}
 m - a potion of ambrosia {unknown}


   Skills:
 + Level 2.9 Fighting
 - Level 3.0 Long Blades
 * Level 1.7 Axes
 - Level 2.2 Throwing
 + Level 1.1 Armour
 + Level 3.3 Dodging


You had 3 spell levels left.
You didn't know any spells.
Your spell library contained the following spells:

 Spells                   Type           Power      Damage    Failure   Level
 Airstrike                Air            0%         N/A       100%        4
 Summon Lightning Spire   Summ/Air       0%         N/A       100%        4
 Lightning Bolt           Conj/Air       0%         1d11      100%        5


Dungeon Overview and Level Annotations

Branches:
Dungeon (3/15)

Altars:
Fedhas
Nemelex Xobeh
The Shining One


Innate Abilities, Weirdness & Mutations

You are partially covered in large bone plates. (SH +4)
You are partially covered in sharp spines.
You regenerate magic rapidly.


Message History

The hobgoblin closely misses you.
A hobgoblin is nearby!
You slash the hobgoblin!
Lightning courses through the hobgoblin!
You kill the hobgoblin!
You see here a hobgoblin corpse.
You see here a +0 robe.
Done exploring.
Done exploring.
No target in view!
Done exploring.
No target in view!
Done exploring.
Done exploring.
No target in view!
Done exploring.
No target in view!
Done exploring.
Done exploring.
You can't go up here!
(D) Dungeon
Where to? (Enter - D:3, ? - help)
There is a stone staircase leading up here.
You climb upwards.
There is a stone staircase leading down here.
(D) Dungeon
Where to? (Enter - D:2, ? - help)
There is a stone staircase leading up here.
You climb upwards.
There is a stone staircase leading down here.
There is an open door here.
You see here a +0 club.
There is an open door here.
You open the door.
There is an open door here.
There is an escape hatch in the floor here.
There is an open door here.
There is a staircase leading out of the dungeon here.
Are you sure you want to leave the Dungeon?
This will make you lose the game!
You have escaped!

#...####### #....
#...# #.... #...#
#...) #...# #....
#..)# #.... #...#
####. ##### #######
## #.....# # #..@..#
# #.....# #.###.#
#.#.#.# ## #.###.#
######. #.....#
#....#. #.....#
#....'.
#.....########....#.
###'###........>..#.


There were no monsters in sight!

Vanquished Creatures
  5 gnolls
  3 adders (D:3)
  2 dart slugs
  An orc (D:3)
  2 ball pythons
  2 endoplasms
  A giant cockroach (D:1)
  3 goblins
  7 hobgoblins
  7 jackals
  A quokka (D:1)
  3 bats (D:3)
  3 frilled lizards
  A kobold (D:1)
  7 rats
48 creatures vanquished.

Notes
Turn   | Place    | Note
-------+----------+-------------------------------------------
     0 | D:1      | BritishOli the Demonspawn Gladiator began the quest for the
                  | Orb.
     0 | D:1      | Reached XP level 1. HP: 16/16 MP: 1/1
   306 | D:1      | Gained mutation: You are partially covered in sharp spines.
                  | [demonic ancestry]
   306 | D:1      | Reached XP level 2. HP: 21/22 MP: 2/2
   885 | D:1      | Gained mutation: You are partially covered in large bone
                  | plates. (SH +4) [demonic ancestry]
   885 | D:1      | Reached XP level 3. HP: 28/28 MP: 3/3
   973 | D:1      | Found a faded altar of an unknown god.
  1144 | D:2      | Identified the +6 hand axe of World Downfall {elec, Will++
                  | Str+7}
  1187 | D:2      | Found a blossoming altar of Fedhas.
  1564 | D:3      | Reached skill level 1 in Axes
  1572 | D:3      | Gained mutation: You regenerate magic rapidly. [demonic
                  | ancestry]
  1572 | D:3      | Reached XP level 4. HP: 16/34 MP: 4/4
  1751 | D:3      | Found a blossoming altar of Fedhas.
  1833 | D:3      | Found a sparkling altar of Nemelex Xobeh.
  1838 | D:3      | Reached skill level 1 in Armour
  2174 | D:$      | Got out of the dungeon alive.

Illustrated notes

Levels and vault maps discovered:
D:1:      nicolae_arrival_memento_mori, layout_basic,
          hellmonk_ecumenical_altar_pennies_from_heaven, minmay_misc_feat_alley
D:2:      layout_rooms, basic_altar, minmay_misc_feat_chi
D:3:      layout_rooms, lemuel_doored_altar, gammafunk_temple_overflow_pools

Skill      XL: |  1  2  3  4 |
---------------+-------------+-----
Throwing       | 2 |  2.2
Long Blades    | 3 |  3.0
Dodging        | 3 |  3.3
Axes           | 1 |  1.7
Armour         | 1 |  1.1
Fighting       | |  2.9

Action                   |  1- 3 |  4- 6 || total
-------------------------+-------+-------++-------
Melee: Long sword        |    41 |       ||    41
       Punch             |     1 |       ||     1
       Hand axe          |    23 |    18 ||    41
 Stab: Sleeping          |     1 |       ||     1
Armor: Leather armour    |     8 |       ||     8
       Scale mail        |     6 |     4 ||    10
Dodge: Dodged            |    43 |    13 ||    56
Block: Other             |     3 |       ||     3

Table legend: (Time is in decaauts)
 A = Elapsed time spent in this place.
 B = Non-inter-level travel time spent in this place.
 C = Inter-level travel time spent in this place.
 D = Time resting spent in this place.
 E = Time spent auto-exploring this place.
 F = Levels seen in this place.
 G = Mean time per level.
                   A        B        C        D        E       F      G
               +--------+--------+--------+--------+--------+-----+--------+
         Total |   2197 |   1986 |    211 |    277 |   1388 |   3 |  732.3 |
       Dungeon |   2197 |   1986 |    211 |    277 |   1388 |   3 |  732.3 |
               +--------+--------+--------+--------+--------+-----+--------+

Top non-repeatable levels by time:
     D:1: 1179 daAuts
     D:3: 557 daAuts
     D:2: 459 daAuts
